 Dungeon Crawl Stone Soup version 0.32-a0-886-g41c5271027 (webtiles) character file.

Game seed: 1636634546637353888

15231 ezpacito the Fighter (level 12, -3/94 HPs)
             Began as a Coglin Chaos Knight on Apr 2, 2024.
             Was a Plaything of Xom.
             Slain by a cyan ugly thing (16 damage)
             ... on level 11 of the Dungeon.
             The game lasted 00:15:55 (11372 turns).

ezpacito the Fighter (Coglin Chaos Knight)         Turns: 11372, Time: 00:15:56

Health: -3/94      AC: 15    Str: 16    XL:     12   Next: 24%
Magic:  18/18      EV: 10    Int: 17    God:    Xom [*.....]
Gold:   778        SH:  0    Dex: 18    Spells: 11/19 levels left

rFire   . . .        a - +1 hand axe (chaos) {Carmen}
rCold   . . .        i - +9 short sword of Ascent {drain, Str+2 Int+2}
rNeg    . . .        v - +1 chain mail
rPois   +            g - +0 helmet
rElec   .            L - scarf {repulsion}
rCorr   .            x - +1 Delatra's gloves {ID++}
SInv    .            (no boots)
Will    .....        (amulet unavailable) Stlth
                     (ring unavailable)
HPRegen 0.35/turn    (ring unavailable)
MPRegen 0.16/turn    (no gizmo)

%: repel missiles
@: silenced, studying Ice Magic, revved
A: off-hand wielding, slow wielding, warmup strikes, no jewellery, agile 1,
clever 1, poison resistance
a: Invent Gizmo, Renounce Religion


You were on level 11 of the Dungeon.
You worshipped Xom.
You were a special plaything of Xom.
You visited 2 branches of the dungeon, and saw 12 of its levels.
You also visited: Sewer.

You collected 778 gold pieces.

Inventory:

Hand Weapons
 a - a +1 hand axe of chaos (weapon) {Carmen}
 i - the +9 short sword of Ascent (offhand) {drain, Str+2 Int+2}
   (You found it on level 10 of the Dungeon)

   Str+2:     It affects your strength (+2).
   Int+2:     It affects your intelligence (+2).
 o - a +0 vampiric war axe
 O - a +5 trident of draining {Wira}
Missiles
 r - 4 javelins
 s - 58 poisoned darts (quivered)
 u - 4 boomerangs
 w - 11 curare-tipped darts
 J - a throwing net
Armour
 g - a +0 helmet (worn)
 v - a +1 chain mail (worn)
 x - the +1 Delatra's gloves (worn) {ID++}
   (You found it on level 3 of the Dungeon)

   ID++:      It heals its wearer when they drink unknown potions, and restores
   their MP when they read unknown scrolls.
 z - a +0 cloak
 L - a scarf of repulsion (worn)
Magical Staves
 I - a staff of death
 K - a staff of cold
Talismans
 k - a flux talisman
Wands
 A - a wand of roots (2)
 C - a wand of flame (6)
 D - a wand of mindburst (4)
 N - a wand of polymorph (16)
Scrolls
 c - a scroll of brand weapon
 h - a scroll of enchant armour
 j - a scroll of revelation
 n - a scroll of vulnerability
 t - 7 scrolls of teleportation
 y - a scroll of torment
Potions
 b - a potion of haste {unknown}
 e - a potion of mutation
 f - 2 potions of cancellation
 p - 7 potions of brilliance
 E - a potion of lignification {unknown}


   Skills:
 * Level 8.4 Fighting
 * Level 8.1(9.4) Axes
 * Level 6.6(8.2) Polearms
 * Level 7.0 Armour
 * Level 6.8 Dodging
 + Level 4.5 Stealth
 + Level 4.2 Spellcasting
 + Level 4.2 Necromancy
 + Level 3.7 Ice Magic
 + Level 5.8 Evocations


You had 11 spell levels left.
You knew the following spells:

 Your Spells              Type           Power      Damage    Failure   Level
a - Lesser Beckoning      Tloc           6%         N/A       92%         2
b - Maxwell's Portable P  Tloc           3%         2d(5-14)  99%         3
c - Teleport Other        Tloc           3%         N/A       99%         3

Your spell library contained the following spells:

 Spells                   Type           Power      Damage    Failure   Level


Dungeon Overview and Level Annotations

Branches:
Dungeon (11/15)            Temple (1/1) D:6           Sewer (visited)
   Lair: D:8-11         Orc: D:9-12

Altars:
Ashenzari
Cheibriados
Dithmenos
Elyvilon
Fedhas
Gozag
Hepliaklqana
Kikubaaqudgha
Makhleb
Nemelex Xobeh
Okawaru
Qazlal
Ru
Sif Muna
Trog
Uskayaw
Vehumet
Wu Jian
Xom
Yredelemnul
Zin
The Shining One

Shops:
D:1 :

Annotations:
D:9 1 transporter


Innate Abilities, Weirdness & Mutations

You can wield a second weapon in your off-hand.
It takes a long time for you to wield or remove held weapons.
Your first few attacks do less damage.
You cannot equip rings or amulets.
You are agile. (Dex +4, Str/Int -1)
Your mind is acute. (Int +4, Str/Dex -1)
Your system is resistant to poisons. (rPois)


Message History

You kill the wolf!
You hit something but do no damage.
Nothing appears to happen.
You closely miss something with your +1 hand axe of chaos.
Something hits you. Something hits you but does no damage. Something bites you.
Something draws strength from your injuries!
You take 7 damage, and have 43/94 hp.
You hit the warg with the +9 short sword of Ascent.
The warg is heavily wounded.
You catch the helpless warg completely off-guard!
You hit the warg with your +1 hand axe of chaos.
You closely miss something with your +1 hand axe of chaos.
You hit something but do no damage. Lightning courses through something!
Something hits you! Something bites you but does no damage.
Something hits you but does no damage.
You take 8 damage, and have 35/94 hp.
You hit the howler monkey with your +1 hand axe of chaos.
You burn the howler monkey.
The howler monkey is moderately wounded.
You hit something but do no damage.
You closely miss something with your +1 hand axe of chaos.
You hit the warg but do no damage.
The warg seems to speed up.
You puncture the howler monkey with the +9 short sword of Ascent!
You drain the howler monkey.
You kill the howler monkey!
Xom's power touches on a nearby weapon.
The warg is no longer weakened.
Something hits you. Something bites you but does no damage. Something hits you.
You are electrocuted!
* * * LOW HITPOINT WARNING * * *
You take 14 damage, and have 21/94 hp.
Something hits you.
* * * LOW HITPOINT WARNING * * *
Something bites you.
* * * LOW HITPOINT WARNING * * *
Something draws strength from your injuries!
Something hits you but does no damage. The cyan ugly thing bites you.
* * * LOW HITPOINT WARNING * * *
The cyan ugly thing shocks you!
You die...
Xom howls with laughter!

.... ###''##
#.....#
#.....#
#.....#
#...h.######
#..(.†......
#..).u..#
#..)).@.#
#..)..{.#
#...........
#............
#..........P..
#....#+##.....
###### #....
##..


You could see a cyan ugly thing and a warg (fast, resistant, confused, drained).

Vanquished Creatures
  The ghost of RoseCult the Protected, a journeyman MiFi of Okawaru (D:10)
  A two-headed ogre (D:10)
  A dancing weapon (D:10)
  The ghost of pokeman the Thaumaturge, a novice DEHW (D:6)
  A gargoyle (D:7)
  Jeremiah (D:6)
  A kobold demonologist (D:6)
  2 polar bears (D:9)
  5 trolls
  A hornet (D:9)
  A shadow (D:9)
  12 yaks
  2 wyverns (D:9)
  A wraith (D:9)
  A vampire mosquito (D:10)
  3 steam dragons
  A water moccasin (D:7)
  2 acid dragons (D:9)
  Duvessa (D:4)
  2 black bears
  An orc warrior (D:8)
  5 ice beasts
  5 ogres
  6 centaurs
  3 wolves
  2 phantoms
  13 kobold brigands
  5 bullfrogs
  A scorpion (D:5)
  A gnoll sergeant (D:10)
  Dowan (D:4)
  10 killer bees (D:8)
  An electric eel (D:9)
  8 howler monkeys
  6 hounds
  2 bombardier beetles
  A jelly (D:5)
  7 orc priests
  Jessica (D:2)
  14 orc wizards
  Ijyb (D:4)
  3 iguanas
  5 gnolls
  15 adders
  2 shadow imps
  4 white imps
  A howler monkey simulacrum (D:9)
  3 ufetubi
  5 dart slugs
  4 ribbon worms
  41 orcs
  9 endoplasms
  7 giant cockroaches
  8 hobgoblins
  4 jackals (Sewer)
  5 quokkas
  10 ball pythons
  8 bats
  9 frilled lizards
  13 goblins
  13 kobolds
  11 rats
315 creatures vanquished.

Vanquished Creatures (collateral kills)
  2 two-headed ogres
  A steam dragon (D:5)
  3 vampire mosquitoes (D:10)
  A black bear (D:5)
  An ice beast (D:6)
8 creatures vanquished.

Vanquished Creatures (others)
  A kobold brigand (D:6)
  2 orcs
3 creatures vanquished.

Grand Total: 326 creatures vanquished

Notes
Turn   | Place    | Note
-------+----------+-------------------------------------------
     0 | D:1      | ezpacito the Coglin Chaos Knight began the quest for the
                  | Orb.
     0 | D:1      | Reached XP level 1. HP: 18/18 MP: 1/1
     8 | D:1      | Reached skill level 1 in Dodging
    96 | D:1      | Reached XP level 2. HP: 24/24 MP: 2/2
   461 | D:1      | Reached XP level 3. HP: 29/29 MP: 3/3
   600 | D:1      | XOM: divination: detect creatures
   657 | D:1      | Found a transporter.
   659 | D:1      | Found Riluo's Book Boutique.
   729 | D:1      | Found a transporter.
  1037 | D:2      | Found a faded altar of an unknown god.
  1157 | D:2      | XOM: silly message
  1198 | D:2      | Noticed Jessica
  1202 | D:2      | Killed Jessica
  1203 | D:2      | Reached skill level 1 in Polearms
  1203 | D:2      | Reached XP level 4. HP: 37/37 MP: 4/4
  1465 | D:2      | XOM: cast spell 'Iskenderun's Battlesphere'
  1629 | D:2      | XOM: god gift: cloak {god gift}
  1848 | D:3      | Reached XP level 5. HP: 39/42 MP: 6/6
  1929 | D:3      | Reached skill level 1 in Spellcasting
  1958 | D:3      | Found the +1 Delatra's gloves {ID++}
  2050 | D:3      | XOM: smoke on damage
  2064 | D:3      | Reached skill level 1 in Stealth
  2068 | D:3      | Reached XP level 6. HP: 30/48 MP: 7/7
  2132 | D:3      | Found a shimmering altar of Xom.
  2818 | D:3      | XOM: god gift: 37 gold pieces
  2884 | D:3      | Found a glowing silver altar of Zin.
  2884 | D:3      | Found an opulent altar of Gozag.
  3049 | D:4      | XOM: polymorph scorpion -> bat
  3066 | D:4      | XOM: enchant monster (good)
  3131 | D:4      | Found a shimmering blue altar of Sif Muna.
  3152 | D:4      | Found a glowing drain.
  3180 | Sewer    | Entered a sewer
  3253 | Sewer    | XOM: polymorph crocodile -> endoplasm
  3263 | Sewer    | Identified the +2 short sword of Welfare {spect, +Blink
                  | rCorr}
  3335 | D:4      | Noticed a black bear
  3343 | D:4      | Killed a black bear
  3344 | D:4      | Reached XP level 7. HP: 51/55 MP: 9/9
  3374 | D:4      | Noticed Ijyb
  3383 | D:4      | Killed Ijyb
  3510 | D:4      | Noticed Dowan
  3510 | D:4      | Noticed Duvessa
  3522 | D:4      | Killed Duvessa
  3525 | D:4      | Killed Dowan
  3842 | D:4      | Reached skill level 1 in Evocations
  3850 | D:4      | Reached XP level 8. HP: 58/61 MP: 10/10
  3999 | D:5      | Entered Level 5 of the Dungeon
  4077 | D:5      | Learned a level 2 spell: Lesser Beckoning
  4081 | D:5      | Learned a level 3 spell: Maxwell's Portable Piledriver
  4090 | D:5      | Learned a level 3 spell: Teleport Other
  4188 | D:5      | XOM: polymorph bombardier beetle -> goblin
  4208 | D:5      | XOM: summons 8 friendly demons
  4212 | D:5      | Reached skill level 5 in Fighting
  4277 | D:5      | XOM: give mutations
  4277 | D:5      | Gained mutation: You occasionally shout uncontrollably at
                  | your foes. [Xom's mischief]
  4277 | D:5      | Gained mutation: You are frail. (-10% HP) [Xom's mischief]
  4277 | D:5      | Gained mutation: You are vulnerable to cold. (rC-) [Xom's
                  | mischief]
  4295 | D:5      | Lost mutation: You are frail. (-10% HP) [potion of
                  | mutation]
  4295 | D:5      | Lost mutation: You occasionally shout uncontrollably at
                  | your foes. [potion of mutation]
  4295 | D:5      | Gained mutation: You have hidden genetic potential. [potion
                  | of mutation]
  4295 | D:5      | Gained mutation: You are agile. (Dex +4, Str/Int -1)
                  | [potion of mutation]
  4304 | D:5      | Reached skill level 5 in Axes
  4304 | D:5      | Reached skill level 1 in Necromancy
  4342 | D:5      | Found a shadowy altar of Dithmenos.
  4342 | D:5      | XOM: 9-stop teleportation journey
  4364 | D:5      | XOM: enchant monster (good)
  4437 | D:5      | XOM: scenery: create altars
  4871 | D:6      | Reached XP level 9. HP: 68/68 MP: 12/12
  4879 | D:6      | Noticed Jeremiah
  4879 | D:6      | XOM: summons friendly white imp
  4890 | D:6      | Found a staircase to the Ecumenical Temple.
  4891 | D:6      | Killed Jeremiah
  4917 | Temple   | Entered the Ecumenical Temple
  4994 | D:6      | XOM: summons 7 friendly demons
  5158 | D:6      | XOM: cast spell 'Summon Ice Beast'
  5187 | D:6      | Found a bloodstained altar of Trog.
  5459 | D:6      | XOM: enchant monster (bad)
  5555 | D:6      | Found a runed translucent gate.
  5558 | D:6      | Found a runed translucent gate.
  5559 | D:6      | Found a runed translucent gate.
  5559 | D:6      | Noticed pokeman's ghost (novice DEHW)
  5560 | D:6      | Noticed a kobold demonologist
  5642 | D:6      | Found a blossoming altar of Fedhas.
  5918 | D:6      | Noticed a sixfirhy
  5918 | D:6      | XOM: confusion
  5921 | D:6      | XOM: cleaving
  5924 | D:6      | Killed pokeman's ghost
  5925 | D:6      | Reached skill level 5 in Armour
  5925 | D:6      | Killed a kobold demonologist
  5926 | D:6      | Reached XP level 10. HP: 41/77 MP: 14/14
  5928 | D:6      | XOM: confuse monster(s)
  5930 | D:6      | Gained mutation: You possess an exceptional clarity of
                  | mind. [hidden potential]
  6084 | D:7      | Reached skill level 5 in Dodging
  6182 | D:7      | Found a glowing golden altar of the Shining One.
  6182 | D:7      | XOM: 9-stop teleportation journey
  6233 | D:7      | Found an ancient bone altar of Kikubaaqudgha.
  6235 | D:7      | Found an ornate altar of the Wu Jian Council.
  6458 | D:7      | Reached skill level 5 in Polearms
  6458 | D:7      | Noticed a gargoyle
  6470 | D:7      | Killed a gargoyle
  6485 | D:7      | XOM: divination: magic mapping
  7066 | D:8      | Found an iron altar of Okawaru.
  7089 | D:8      | Found a snail-covered altar of Cheibriados.
  7092 | D:8      | XOM: potion effect (haste)
  7172 | D:8      | XOM: divination: detect items
  7548 | D:8      | Reached skill level 1 in Ice Magic
  7661 | D:8      | XOM: give mutations
  7661 | D:8      | Lost mutation: You have hidden genetic potential. [Xom's
                  | mischief]
  7661 | D:8      | Gained mutation: Potions are less effective at restoring
                  | your health. [Xom's mischief]
  7661 | D:8      | Lost mutation: You possess an exceptional clarity of mind.
                  | [Xom's mischief]
  7756 | D:8      | XOM: draining
  7875 | D:9      | XOM: repel stairs
  7886 | D:9      | XOM: summons 10 friendly demons
  7893 | D:9      | Noticed a two-headed ogre
  7894 | D:9      | XOM: scenery: create altars
  7899 | D:9      | XOM: cast spell 'Metabolic Englaciation'
  7909 | D:9      | XOM: enchant monster (good)
  7910 | D:9      | Killed a two-headed ogre
  7911 | D:9      | Reached XP level 11. HP: 56/84 MP: 16/16
  7973 | D:9      | XOM: give mutations
  7973 | D:9      | Gained mutation: Your mind is acute. (Int +4, Str/Dex -1)
                  | [Xom's mischief]
  7973 | D:9      | Lost mutation: Potions are less effective at restoring your
                  | health. [Xom's mischief]
  7973 | D:9      | Lost mutation: You are vulnerable to cold. (rC-) [Xom's
                  | mischief]
  8050 | D:9      | XOM: give mutation
  8050 | D:9      | Gained mutation: Your system is resistant to poisons.
                  | (rPois) [Xom's mischief]
  8108 | D:9      | XOM: confusion (+ monsters)
  8344 | D:9      | XOM: 2-stop teleportation journey
  8375 | D:9      | Reached skill level 5 in Evocations
  8573 | D:9      | XOM: summons 3 hostile shadow creatures
  8823 | D:9      | Found a hide-covered altar of Uskayaw.
  8943 | D:9      | XOM: noise
  9129 | D:9      | Found a sparkling altar of Nemelex Xobeh.
  9129 | D:9      | Found a transporter.
  9129 | D:9      | Noticed a six-headed hydra
  9410 | D:10     | Entered Level 10 of the Dungeon
  9413 | D:10     | Found a runed translucent door.
  9429 | D:10     | Noticed a two-headed ogre
  9454 | D:10     | Killed a two-headed ogre
  9701 | D:10     | Found a burning altar of Makhleb.
 10015 | D:10     | Noticed a two-headed ogre
 10033 | D:10     | Killed a two-headed ogre
 10415 | D:10     | Found a shimmering altar of Xom.
 10415 | D:10     | Noticed RoseCult's ghost (journeyman MiFi)
 10415 | D:10     | Noticed a +0 scimitar of chaos
 10582 | D:10     | XOM: 2-stop teleportation journey
 10615 | D:10     | XOM: swap monsters
 10632 | D:10     | Reached XP level 12. HP: 23/93 MP: 18/18
 10867 | D:10     | XOM: confuse monster(s)
 10908 | D:10     | Identified the +9 short sword of Ascent {drain, Str+2
                  | Int+2}
 10909 | D:10     | XOM: scenery: 1 doors open
 10912 | D:10     | XOM: summons friendly white imp
 11119 | D:10     | XOM: scenery: 1 doors close
 11125 | D:10     | XOM: confuse monster(s)
 11128 | D:10     | XOM: scenery: 1 doors open, 1 doors close
 11146 | D:10     | Killed RoseCult's ghost
 11338 | D:11     | XOM: 2-stop teleportation journey
 11371 | D:11     | XOM: chaos upgrade
 11372 | D:11     | Slain by a cyan ugly thing

Illustrated notes

Levels and vault maps discovered:
D:1:      dpeg_arrival_subterranean_lakeside_camping, layout_basic,
          serial_shops, nicolae_shop_drivethru, grunt_decor_fettered,
          st_stairs_1
D:2:      layout_loops_ring, dreamdust_ecumenical_altar_hidden_monk_grotto,
          uniq_jessica
D:3:      layout_basic, grunt_temple_overflow_gold_and_silver,
          mainiacjoe_overflow_brackets, pf_guarded_unrand_delatra
D:4:      layout_gridville, nicolae_overflow_crystal_walls,
          mainiacjoe_sewer_entry_somewhere_in_here_1, serial_bayou_pond_b,
          uniq_duvessa, uniq_ijyb
D:5:      minmay_recursive_quarters, layout_basic, lemuel_tele_altar
D:6:      layout_loops_ring, trog_antimagical,
          mainiacjoe_overflow_six_doors_small, minmay_temple_entry_tees,
          gammafunk_ghost_nasty_kobolds, uniq_jeremiah
D:7:      layout_basic, tso_metal_star,
          chequers_temple_overflow_statue_of_worship, minmay_manual_monstrance
D:8:      layout_basic, mainiacjoe_overflow_paths, mainiacjoe_overflow_catwalk
D:9:      layout_cave_pools, mainiacjoe_overflow_alcove_2,
          grunt_nemelex_the_gamble, serial_ice, serial_ice_k, serial_ice_o,
          serial_ice_d, serial_ice_c, minivault_23, serial_bayou_pond_b,
          minivault_25, kennysheep_generic_room_4
D:10:     layout_grid_maze, lemuel_round_altar, ebering_ghost_xom,
          kennysheep_generic_room_16
D:11:     layout_irregular_city, erik_lair_orcish_takeover,
          kennysheep_orc_monster_closet_entryway, zin_angel
Temple:   nicolae_temple_bog_church

Skill      XL: |  1  2  3  4  5  6  7  8  9 10 11 12 |
---------------+-------------------------------------+-----
Dodging        | 1 2 3 4 5 6 |  6.8
Armour         | 2 3 4 5 6 7 |  7.0
Polearms       | 1 2 3 4 5 6 |  6.6
Spellcasting   | 1 2 3 4 |  4.2
Fighting       | 4 5 6 7 8 |  8.4
Stealth        | 1 2 3 4 |  4.5
Axes           | 4 5 6 7 8 |  8.1
Evocations     | 1 2 3 4 5 |  5.8
Necromancy     | 1 2 3 4 |  4.2
Ice Magic      | 1 3 |  3.7

Action                     |  1- 3 |  4- 6 |  7- 9 | 10-12 || total
---------------------------+-------+-------+-------+-------++-------
  Melee: Dagger            |    45 |       |       |       ||    45
         Hand axe          |    59 |   136 |   212 |   308 ||   715
         Mace              |    14 |   135 |       |       ||   149
         Short sword       |       |     5 |   215 |    50 ||   270
         Trident           |       |       |       |   330 ||   330
  Throw: Dart              |       |       |     1 |     7 ||     8
  Evoke: Wand              |       |       |     3 |     8 ||    11
    Use: Scroll            |       |     8 |       |    16 ||    24
         Potion            |       |       |     6 |    12 ||    18
   Stab: Paralysed         |       |     9 |       |     1 ||    10
         Invisible         |       |       |    10 |       ||    10
         Confused          |       |       |     1 |     8 ||     9
         Distracted        |       |       |       |     2 ||     2
         Sleeping          |       |       |       |     1 ||     1
 Armour: Leather armour    |    31 |       |       |       ||    31
         Chain mail        |       |   154 |   220 |   430 ||   804
  Dodge: Dodged            |    33 |    50 |    62 |   183 ||   328
         Repelled          |       |       |     2 |    15 ||    17

Table legend: (Time is in decaauts)
 A = Elapsed time spent in this place.
 B = Non-inter-level travel time spent in this place.
 C = Inter-level travel time spent in this place.
 D = Time resting spent in this place.
 E = Time spent auto-exploring this place.
 F = Levels seen in this place.
 G = Mean time per level.
                   A        B        C        D        E       F      G
               +--------+--------+--------+--------+--------+-----+--------+
         Total |  11415 |  10860 |    555 |    254 |   8460 |  13 |  878.1 |
       Dungeon |  11260 |  10705 |    555 |    254 |   8388 |  11 | 1023.6 |
        Temple |      1 |      1 |      0 |      0 |      0 |   1 |    1.0 |
         Sewer |    153 |    153 |      0 |      0 |     72 |   1 |  153.0 |
               +--------+--------+--------+--------+--------+-----+--------+

Top non-repeatable levels by time:
    D:10: 1878 daAuts
     D:9: 1537 daAuts
     D:6: 1228 daAuts
     D:3: 1139 daAuts
     D:1: 946 daAuts
     D:8: 939 daAuts
     D:4: 922 daAuts
     D:2: 904 daAuts
     D:5: 857 daAuts
     D:7: 825 daAuts
   Sewer: 153 daAuts
    D:11: 80 daAuts
  Temple: 1 daAuts
